Map: Arctic Dream LE

Players

qqq - Winner!

  • Race: Zerg Zerg
  • League: Platinum
  • Spawn Location: 5:00

Massa - Winner!

  • Race: Terran Terran
  • League: Gold
  • Spawn Location: 6:00

Stormy

  • Race: Zerg Zerg
  • Spawn Location: 11:00

rtet

  • Race: Terran Terran
  • League: Platinum
  • Spawn Location: 12:00

VOD

Have the link to the VOD?

Description

Time

  • Played on: May 26, 2020, 2:18 p.m.
  • Length: 5:39
Show
View Real Time Build Order
Export as new Build Order

qqq Zerg - Winner!

Build Orders: Hatch First 

Get SALT Encoding   

  12  0:05  Drone  
  13  0:09  Drone  
  14  0:34  Hatchery  
  13  0:50  Spawning Pool  
  12  0:57  Overlord  
  12  1:04  Drone  
  12  1:07  Drone  
  12  1:10  Extractor  
  13  1:20  Drone  
  14  1:28  Drone  
  15  1:36  Queen  
  17  1:46  Queen  
  19  1:49  Drone  
  19  1:53  Drone  
  21  2:04  Overlord  
  21  2:06  Drone  
  22  2:09  Zergling x2  
  22  2:13  Zergling x2  
  24  2:20  Drone  
  24  2:21  Zergling x2  
  26  2:25  Zergling x2  
  27  2:31  Metabolic Boost  
  27  3:00  Zergling x10  
  27  3:03  Drone x2  
  34  3:07  Drone x2  
  34  3:08  Overlord  
  36  3:16  Baneling Nest  
  36  3:18  Zergling x2  
  36  3:28  Lair  
  36  3:31  Drone  
  36  3:32  Zergling x2  
  38  3:36  Overlord  
  38  3:40  Zergling x2  
  39  3:43  Drone  
  39  3:48  Overlord  
  40  3:51  Drone  
  40  3:54  Zergling x2  
  41  4:09  Zergling x12  
  47  4:10  Zergling x2  
  47  4:21  Zergling x2  
  47  4:22  Zergling x8  
  51  4:40  Zergling x2  
  51  4:41  Zergling x4  
  42  5:10  Zergling x6  
  42  5:11  Zergling x12  
  42  5:12  Zergling x2  
  52  5:29  Infestation Pit  
Show
View Real Time Build Order
Export as new Build Order

Massa Terran - Winner!

Build Orders:  

Get SALT Encoding   

  12  0:06  SCV  
  13  0:15  Supply Depot  
  13  0:19  SCV  
  14  0:31  SCV  
  15  0:43  SCV, Barracks  
  16  0:52  Supply Depot  
  16  0:55  SCV  
  17  1:09  SCV  
  18  1:15  Barracks  
  18  1:21  SCV  
  19  1:30  Barracks  
  19  1:34  SCV  
  19  1:35  Marine  
  21  1:53  Marine  
  22  1:57  Barracks  
  22  1:59  Refinery  
  22  2:02  Marine  
  23  2:11  Marine  
  24  2:20  Marine  
  24  2:22  Supply Depot  
  25  2:25  Marine, Supply Depot  
  25  2:29  Marine  
  27  2:31  SCV  
  28  2:38  Marine  
  28  2:43  Marine  
  30  2:44  Marine  
  30  2:46  Marine  
  32  2:56  Marine  
  33  2:59  Supply Depot  
  33  3:01  Marine  
  33  3:02  Marine  
  35  3:17  Marine x2  
  37  3:25  Marine x2  
  37  3:26  Factory  
  39  3:34  Marine  
  39  3:35  Marine  
  41  3:42  Orbital Command  
  41  3:43  Marine  
  41  3:46  Marine  
  43  3:52  Marine x2  
  45  4:01  Marine  
  46  4:04  Marine  
  47  4:10  Marine  
  48  4:22  Marine x3  
  48  4:28  Marine  
  48  4:39  Factory Tech Lab  
  48  4:40  Marine x3  
  49  4:46  Marine  
  50  4:57  Marine  
  48  5:18  Marine x3  
  48  5:19  Marine  
Show
View Real Time Build Order
Export as new Build Order

Stormy Zerg 

Build Orders: Hatch First 

Get SALT Encoding   

  12  0:01  Drone  
  13  0:13  Overlord  
  13  0:17  Drone  
  14  0:31  Drone x2  
  16  0:50  Hatchery  
  16  0:55  Drone  
  17  0:57  Drone  
  17  1:01  Drone  
  18  1:12  Extractor  
  18  1:16  Spawning Pool  
  16  1:20  Drone  
  16  1:23  Drone  
  18  1:30  Drone  
  20  1:40  Drone  
  20  1:52  Drone  
  21  2:02  Drone  
  21  2:03  Queen x2  
  21  2:05  Overlord  
  26  2:15  Zergling x4  
  28  2:24  Drone x2  
  30  2:34  Overlord  
  30  2:46  Drone  
  30  2:47  Drone x2  
  30  2:48  Metabolic Boost  
  33  3:07  Zergling x2  
  33  3:08  Zergling x6  
  37  3:16  Drone x2  
  37  3:17  Drone x3  
  42  3:33  Zergling x2  
  42  3:34  Zergling x2  
  43  3:43  Baneling Nest  
  42  3:51  Zergling x2  
  42  3:53  Overlord x2  
  42  3:54  Overlord x2  
  43  4:01  Spine Crawler  
  43  4:02  Spine Crawler  
  41  4:11  Zergling x2  
  41  4:12  Zergling x10  
  37  4:27  Zergling x2  
  37  4:28  Zergling x2  
  32  4:34  Zergling x2  
  32  4:35  Zergling x6  
  34  4:38  Baneling  
  34  4:39  Baneling x2  
  14  5:09  Drone  
  14  5:10  Drone x8  
  9  5:23  Drone  
  9  5:24  Drone x4  
Show
View Real Time Build Order
Export as new Build Order

rtet Terran 

Build Orders:  

Get SALT Encoding   

  12  0:00  SCV  
  13  0:15  Supply Depot  
  13  0:17  SCV  
  14  0:29  SCV  
  15  0:38  Barracks  
  15  0:42  Refinery  
  15  0:44  SCV  
  16  0:56  SCV  
  17  1:08  SCV  
  18  1:20  SCV  
  19  1:25  Reaper  
  21  1:32  SCV  
  21  1:37  Command Center  
  21  1:48  Orbital Command  
  21  1:59  Marine  
  22  2:02  Supply Depot  
  22  2:08  Factory  
  22  2:16  SCV  
  22  2:20  Barracks Reactor  
  23  2:43  SCV  
  23  3:06  SCV  
  24  3:13  Hellion  
  24  3:14  Barracks Tech Lab, Hellion  
  24  3:18  SCV  
  24  3:19  Starport  
  29  3:21  Orbital Command  
  29  3:26  Refinery  
  29  3:30  SCV  
  29  3:31  Barracks  
  29  3:33  Supply Depot  
  30  3:35  Hellion x2  
  34  3:42  SCV  
  34  3:45  Marine  
  34  3:46  Stimpack  
  36  3:52  SCV  
  36  3:54  SCV  
  38  3:56  Hellion  
  40  4:03  Marine  
  41  4:10  Hellion  
  43  4:17  Hellion  
  37  4:26  Marine  
  37  4:27  Marine  
  39  4:32  Hellion  
  41  4:39  Hellion  
  41  4:44  Marine x2  
  42  4:52  Liberator  
  43  4:53  Hellion  
  43  5:00  Hellion  
  43  5:02  Marine x2  
  47  5:14  Hellion  
  47  5:20  Marine x2  
Tags
 
Add a new tag
Caveats
  • Supply blocks, unpowered buildings, or Contaminate may cause inaccurate times.
  • Supply counts are checked every 10 seconds.